 Dungeon Crawl Stone Soup version 0.27-a0-277-g024f7ef292 (webtiles) character file.

Game seed: 2177359869810987541

359 dolemite99 the Conjurer (level 6, 0/42 HPs)
             Began as a Demonspawn Fire Elementalist on Feb 6, 2021.
             Was an Initiate of Vehumet.
             Killed by divine providence
             ... invoked by an orc priest
              (13 damage)
             ... on level 5 of the Dungeon.
             The game lasted 00:05:58 (6298 turns).

dolemite99 the Conjurer (DsFE)                      Turns: 6298, Time: 00:05:59

Health: 0/42       AC:  3    Str:  8    XL:     6   Next: 37%
Magic:  9/9        EV: 12    Int: 19    God:    Vehumet [......]
Gold:   136        SH:  0    Dex: 13    Spells: 8/9 levels left

rFire    . . .     SeeInvis .   c - +0 spear
rCold    + . .     Faith    .   (no shield)
rNeg     . . .     Spirit   .   r - +0 robe
rPois    .         Reflect  .   (helmet restricted)
rElec    .         Harm     .   (no cloak)
rCorr    .         Rampage  .   (no gloves)
Will     .....                  (no boots)
Stlth    ++........             (no amulet)
HPRegen  0.14/turn              t - ring of protection from cold
MPRegen  0.11/turn              (no ring)

@: no status effects
A: antennae 2, rugged brown scales 1, demonic guardian 1
a: Renounce Religion


You were on level 5 of the Dungeon.
You worshipped Vehumet.
Vehumet was noncommittal.
You visited 1 branch of the dungeon, and saw 5 of its levels.

You collected 136 gold pieces.

Inventory:

Hand Weapons
 c - a +0 spear (weapon)
 x - a +0 short sword
 F - a +0 rapier
Missiles
 e - a throwing net
 f - 131 arrows
 g - 165 stones
 i - 27 sling bullets
 q - 18 bolts
 u - 23 poisoned darts
 z - 7 atropa-tipped darts
 A - 4 silver javelins
Armour
 a - a +0 robe
 k - a +3 leather armour
 r - a +0 robe (worn)
 E - a cursed +0 robe
Jewellery
 t - a ring of protection from cold (left hand)
Wands
 n - a wand of flame (15)
Scrolls
 d - a scroll of amnesia {unknown}
 h - a scroll of identify {unknown}
 l - a scroll of fear {unknown}
 m - 2 scrolls of remove curse {@r2}
 o - a scroll of teleportation
 y - a scroll of magic mapping {unknown}
 D - a scroll of fog {unknown}
Potions
 b - 5 potions of cancellation {unknown}
 j - a potion of invisibility {unknown}
 p - a potion of flight {unknown}
 s - 2 potions of curing {unknown}
 v - 2 potions of ambrosia {unknown}
 w - 2 potions of might {unknown}
 B - a potion of haste {unknown}
 C - 2 potions of resistance {unknown}


   Skills:
 - Level 1.7 Dodging
 - Level 1.7 Stealth
 - Level 2.0 Spellcasting
 + Level 6.1 Conjurations
 + Level 3.4 Fire Magic


You had 8 spell levels left.
You knew the following spells:

 Your Spells              Type           Power        Failure   Level
a - Foxfire               Conj/Fire      80%          2%          1

Your spell library contained the following spells:

 Spells                   Type           Power        Failure   Level
 Conjure Flame            Conj/Fire      20%          7%          3
 Sticky Flame             Conj/Fire      20%          24%         4
 Inner Flame              Hex/Fire       8%           26%         3
 Fireball                 Conj/Fire      10%          54%         5


Dungeon Overview and Level Annotations

Branches:
Dungeon (5/15)             Temple (0/1) D:4

Altars:
Cheibriados
Elyvilon
Fedhas
Okawaru
Ru
Vehumet
Wu Jian
Yredelemnul

Shops:
D:4 =

Annotations:
D:3 Jessica, Pikel, Sigmund


Innate Abilities, Weirdness & Mutations

You have a pair of antennae on your head.
You are partially covered in rugged brown scales. (AC +1, +3% HP)
A weak demonic guardian rushes to your aid.


Message History

There is a stone staircase leading down here.
You climb downwards.
There is a stone staircase leading up here.
Found a rapier.
Found a stone staircase leading down.
You now have 136 gold pieces (gained 7).
There are no items here.
You see here a rapier.
F - a rapier
There is a stone staircase leading down here.
You climb downwards. 3 orcs, an orc priest and a centaur come into view.
The centaur shouts!
The orc shouts!
The orc priest shouts!
The centaur wields a +0 shortbow.
The centaur shoots an arrow.
The arrow hits you!
The orc priest invokes the aid of Beogh against you.
Pain shoots through your body!
The centaur shoots an arrow.
The arrow hits you!
The orc priest calls down the wrath of Beogh upon you.
Beogh smites you!
You die...

#### ##....
###......
##........
###.........
#...ooc.....
#...@.o.....
#..........(
#....o....>.#
#...........#
###.......###
##.....##
###..## ###


You could see a centaur, an orc priest and 3 orcs.

Vanquished Creatures
  An ogre (D:4)
  A water moccasin zombie (D:5)
  2 hounds
  A worker ant (D:5)
  4 gnolls (D:5)
  3 adders
  2 worms
  2 dart slugs
  A leopard gecko (D:1)
  2 giant cockroaches
  5 goblins
  5 hobgoblins
  4 jackals (D:2)
  5 quokkas
  A ball python (D:2)
  8 bats
  5 frilled lizards
  8 kobolds
  8 rats
68 creatures vanquished.

Vanquished Creatures (others)
  218 foxfires
  5 plants (D:4)
223 creatures vanquished.

Grand Total: 291 creatures vanquished

Notes
Turn   | Place    | Note
-------+----------+-------------------------------------------
     0 | D:1      | dolemite99 the Demonspawn Fire Elementalist began the quest
                  | for the Orb.
     0 | D:1      | Reached XP level 1. HP: 13/13 MP: 3/3
   487 | D:1      | Reached skill level 2 in Conjurations
   508 | D:1      | Gained mutation: You have a pair of small antennae on your
                  | head. [demonic ancestry]
   508 | D:1      | Reached XP level 2. HP: 19/19 MP: 1/5
  1749 | D:2      | Reached skill level 3 in Conjurations
  1903 | D:2      | Gained mutation: You have a pair of antennae on your head.
                  | [demonic ancestry]
  1903 | D:2      | Reached XP level 3. HP: 24/24 MP: 1/6
  2182 | D:2      | Found a snail-covered altar of Cheibriados.
  2182 | D:2      | Found a white marble altar of Elyvilon.
  2183 | D:2      | Found a sacrificial altar of Ru.
  2721 | D:2      | Found a sacrificial altar of Ru.
  2923 | D:2      | Found an ornate altar of the Wu Jian Council.
  3013 | D:2      | Found a radiant altar of Vehumet.
  3016 | D:2      | Found a basalt altar of Yredelemnul.
  3019 | D:2      | Found an iron altar of Okawaru.
  3027 | D:2      | Became a worshipper of Vehumet
  3157 | D:3      | Gained mutation: You are partially covered in rugged brown
                  | scales. (AC +1, +3% HP) [demonic ancestry]
  3157 | D:3      | Reached XP level 4. HP: 24/30 MP: 5/7
  3193 | D:2      | Reached skill level 4 in Conjurations
  3935 | D:3      | Noticed Sigmund
  3954 | D:3      | You are sucked into a shaft and drop 2 floors!
  3954 | D:5      | Entered Level 5 of the Dungeon
  4558 | D:4      | Noticed a lemure
  4559 | D:4      | Noticed a lemure
  4620 | D:5      | Reached skill level 5 in Conjurations
  4620 | D:5      | Reached XP level 5. HP: 18/36 MP: 2/8
  5474 | D:4      | Found Siniddocw's Jewellery Shoppe.
  5483 | D:4      | Gained mutation: A weak demonic guardian rushes to your
                  | aid. [demonic ancestry]
  5483 | D:4      | Reached XP level 6. HP: 29/42 MP: 6/9
  5583 | D:4      | Found a staircase to the Ecumenical Temple.
  5619 | D:4      | Found a blossoming altar of Fedhas.
  5713 | D:4      | Reached skill level 6 in Conjurations
  5818 | D:4      | Noticed Pikel
  5896 | D:3      | Noticed Jessica
  6298 | D:5      | Killed from afar by an orc priest

Illustrated notes

Levels and vault maps discovered:
D:1:      scummos_arrival_star, layout_loops_corners
D:2:      layout_rooms, grunt_temple_overflow_diamond,
          chequers_temple_overflow_statue_of_worship, lemuel_round_altar,
          nicolae_ru_great_annihilating_truth
D:3:      layout_basic, uniq_sigmund, uniq_ijyb, uniq_robin, uniq_natasha,
          uniq_jessica
D:4:      layout_basic, minmay_temple_entry_antechambers, serial_shops,
          shop_fountains, fedhas_ov_isle_minmay, uniq_pikel
D:5:      layout_cave_pods, kennysheep_mini_moat

Skill      XL: |  1  2  3  4  5  6 |
---------------+-------------------+-----
Conjurations   | 2 3 5 6 |  6.1
Fire Magic     | 3 |  3.4
Dodging        | |  1.7
Stealth        | |  1.7
Spellcasting   | |  2.0

Action                   |  1- 3 |  4- 6 || total
-------------------------+-------+-------++-------
Melee: Spear             |     1 |     4 ||     5
 Cast: Foxfire           |    67 |    62 ||   129
  Use: Scroll            |       |     2 ||     2
Armor: Robe              |     7 |     9 ||    16
Dodge: Dodged            |    27 |    51 ||    78

Table legend: (Time is in decaauts)
 A = Elapsed time spent in this place.
 B = Non-inter-level travel time spent in this place.
 C = Inter-level travel time spent in this place.
 D = Time resting spent in this place.
 E = Time spent auto-exploring this place.
 F = Levels seen in this place.
 G = Mean time per level.
                   A        B        C        D        E       F      G
               +--------+--------+--------+--------+--------+-----+--------+
         Total |   6295 |   6138 |    157 |   3349 |   1659 |   5 | 1259.0 |
       Dungeon |   6295 |   6138 |    157 |   3349 |   1659 |   5 | 1259.0 |
               +--------+--------+--------+--------+--------+-----+--------+

Top non-repeatable levels by time:
     D:2: 2114 daAuts
     D:1: 1726 daAuts
     D:5: 1500 daAuts
     D:3: 507 daAuts
     D:4: 446 daAuts
